 Dungeon Crawl Stone Soup version 0.20-a0-809-gaf7f668 (webtiles) character file.

70 Alarkh the Skirmisher (level 4, 0/38 HPs)
             Began as a Demonspawn Fighter on Mar 2, 2017.
             Succumbed to an adder's poison
             ... on level 2 of the Dungeon.
             The game lasted 00:01:31 (1410 turns).

Alarkh the Skirmisher (Demonspawn Fighter)          Turns: 1410, Time: 00:01:32

Health: 0/38       AC:  8    Str: 19    XL:     4   Next: 4%
Magic:  4/4        EV:  7    Int: 10    God:
Gold:   64         SH:  9    Dex: 12    Spells: 3/3 levels left

rFire    + . .     SeeInvis .   a - +0 long sword
rCold    . . .     Gourm    .   b - +0 scale mail
rNeg     . . .     Faith    .   c - +0 shield
rPois    .         Spirit   .   (no helmet)
rElec    .         Reflect  .   (no cloak)
rCorr    .         Harm     .   (no gloves)
MR       .....                  (no boots)
Stlth    ..........             (no amulet)
Regen    0.2/turn               (no ring)
MPRegen  0.1/turn               (no ring)

@: lethally poisoned (0 -> -1)
A: yellow scales 1, fire resistance 1, powered by pain 1, robust 1, strong 1
a: no special abilities


You were on level 2 of the Dungeon.
You were not hungry.

You visited 1 branch of the dungeon, and saw 2 of its levels.

You collected 64 gold pieces.

Inventory:

Hand Weapons
 a - a +0 long sword (weapon)
Missiles
 q - a throwing net (quivered)
Armour
 b - a +0 scale mail (worn)
 c - a +0 shield (worn)
Jewellery
 n - an uncursed amulet of harm {unknown}
Scrolls
 e - 2 scrolls of enchant weapon {unknown}
 h - a scroll of identify {unknown}
 j - a scroll of remove curse {unknown}
 l - a scroll of fog {unknown}
 m - a scroll of immolation {unknown}
 r - a scroll of magic mapping {unknown}
Potions
 d - a potion of might
 k - 2 potions of mutation
Comestibles
 f - 2 bread rations
 g - a meat ration
 i - 3 chunks of flesh
 o - 3 fruits


   Skills:
 + Level 3.1 Fighting
 * Level 3.0 Long Blades
 + Level 2.9 Armour
 + Level 1.1 Dodging
 + Level 3.0 Shields


You had 3 spell levels left.
You didn't know any spells.

Dungeon Overview and Level Annotations

Branches:
Dungeon (2/15)

Altars:


Innate Abilities, Weirdness & Mutations

You are partially covered in yellow scales. (AC +2)
Your flesh is heat resistant. (rF+)
You sometimes gain a little power by taking damage.
You are robust. (+10% HP)
Your muscles are strong. (Str +2)


Message History

You closely miss the adder.
The adder is almost dead.
You block the adder's attack.
Your shield and scale mail prevent you from hitting the adder.
The adder is almost dead.
You feel sick. The adder bites you.
* * * LOW HITPOINT WARNING * * *
You block the adder's attack.
Unknown command.
It was a potion of cancellation.
You feel magically purged. The adder closely misses you.
You hit the adder.
You kill the adder!
You have reached level 4!
You feel stronger.
Your demonic ancestry asserts itself...
You feel resistant to heat. The ooze barely misses you.
You riposte.
You hit the ooze but do no damage.
* * * LOW HITPOINT WARNING * * *
You feel sick.
You die...

#....# #########
#.... #.......#
.... #.......# ...
###>......# #.#
##......#### #
#.## ##..###@##
###..#####..####.#
.##.....##[## #.J#
......#.#..# ##.##
###.#.#...####..#
#.#.##..# #..##
#.#..#..###.##
#.##....##..# ..#
#...#..##


You could see an ooze.

Vanquished Creatures
  A gnoll (D:1)
  An adder (D:2)
  An ooze (D:1)
  A worm (D:2)
  3 dart slugs
  A leopard gecko (D:2)
  3 bats
  4 goblins
  5 hobgoblins (D:1)
  3 jackals (D:2)
  7 kobolds
  A quokka (D:2)
  2 frilled lizards (D:1)
  2 rats (D:2)
35 creatures vanquished.

Notes
Turn   | Place    | Note
-------+----------+-------------------------------------------
     0 | D:1      | Alarkh the Demonspawn Fighter began the quest for the Orb.
     0 | D:1      | Reached XP level 1. HP: 18/18 MP: 1/1
   379 | D:1      | Gained mutation: You sometimes gain a little power by taking damage. [demonic ancestry]
   379 | D:1      | Reached XP level 2. HP: 23/24 MP: 2/2
   985 | D:1      | Gained mutation: Your muscles are strong. (Str +2) [potion of mutation]
   985 | D:1      | Gained mutation: You are robust. (+10% HP) [potion of mutation]
   992 | D:1      | Gained mutation: You are partially covered in yellow scales. (AC +2) [demonic ancestry]
   992 | D:1      | Reached XP level 3. HP: 24/31 MP: 3/3
  1211 | D:2      | Reached skill level 1 in Dodging
  1403 | D:2      | HP: 1/31 [adder (4)]
  1405 | D:2      | Gained mutation: Your flesh is heat resistant. (rF+) [demonic ancestry]
  1405 | D:2      | Reached XP level 4. HP: 1/38 MP: 4/4
  1410 | D:2      | Succumbed to an adder's poison

Vault maps used:
D:1:      ncdulo_halloftheorcs
D:2:      first_bread, uniq_natasha

Skill      XL: |  1  2  3 |
---------------+----------+-----
Long Blades    | 2 3 |  3.0
Shields        | 3 |  3.0
Dodging        | 1 |  1.1
Fighting       | |  3.1
Armour         | |  2.9

Action                   |  1- 3 |  4- 6 || total
-------------------------+-------+-------++-------
Melee: Long sword        |   123 |       ||   123
  Use: Potion            |     4 |       ||     4
  Eat: Chunk             |     2 |       ||     2
Armor: Scale mail        |    64 |       ||    64
Dodge: Dodged            |    48 |     1 ||    49
Block: Shield            |    69 |       ||    69
       Rpst.: Long sword |    22 |     1 ||    23
